 Dungeon Crawl Stone Soup version 0.30-a0-141-g30f27751c5 (webtiles) character file.

Game seed: 17347489934152694842

100 qw the Chopper (level 4, -2/28 HPs)
             Began as a Gargoyle Fighter on Sept 25, 2022.
             Slain by a goblin
             ... wielding a +0 club
             ... led by Robin
              (4 damage)
             ... on level 2 of the Dungeon.
             The game lasted 00:00:44 (2334 turns).

qw the Chopper (Gargoyle Fighter)                   Turns: 2334, Time: 00:00:45

Health: -2/28      AC: 13    Str: 27    XL:     4   Next: 74%
Magic:  4/4        EV:  9    Int:  9    God:
Gold:   68         SH:  4    Dex:  9    Spells: 3/3 levels left

rFire   . . .      SeeInvis .    Y - +0 war axe
rCold   . . .      Faith    .    c - +0 buckler
rNeg    + + .      Spirit   .    b - +0 scale mail
rPois   inf        Reflect  .    (no helmet)
rElec   +          Harm     .    j - +2 cloak
rCorr   .          Rampage  .    (no gloves)
Will    .....                    (no boots)
Stlth   ..........               (no amulet)
HPRegen 0.09/turn                g - ring of positive energy
MPRegen 0.09/turn                h - +6 ring of strength

@: no status effects
A: sickness immunity, AC +3, negative energy resistance 1, electricity
resistance, torment resistance 1, petrification resistance
a: no special abilities


You were on level 2 of the Dungeon.
You visited 1 branch of the dungeon, and saw 2 of its levels.

You collected 68 gold pieces.


Innate Abilities, Weirdness & Mutations

You are immune to sickness and miasma.
Your stone body is resilient. (AC +3)
You are immune to poison.
You resist negative energy. (rN+)
You are resistant to electric shocks. (rElec)
You are resistant to unholy torment.
You are immune to petrification.


   Skills:
 - Level 3.2 Fighting
 + Level 4.3 Axes
 - Level 3.2 Armour
 - Level 3.2 Shields


You had 3 spell levels left.
You didn't know any spells.
Your spell library was empty.

Inventory:

Hand Weapons
 f - a +0 whip
 Y - a +0 war axe (weapon)
Armour
 b - a +0 scale mail (worn)
 c - a +0 buckler (worn)
 j - a +2 cloak (worn)
 k - a +0 tower shield
Jewellery
 g - a ring of positive energy (left hand)
 h - a +6 ring of strength (right hand)
Scrolls
 i - a scroll of poison {unknown}
Potions
 a - 2 potions of brilliance {unknown}
 d - a potion of might
 e - a potion of heal wounds {unknown}

Dungeon Overview and Level Annotations

Branches:
Dungeon (2/15)

Altars:


Message History

You hit Robin.
Robin is heavily wounded.
A goblin comes into view. It is wielding a +0 club.
Robin throws the goblin at you!
You barely miss Robin.
Robin is heavily wounded.
You hit the goblin.
You kill the goblin!
Robin roars a battlecry!
The goblins go into a battle-frenzy!
A rat comes into view.
You slash Robin!
You kill Robin!
You hit the goblin but do no damage.
A hobgoblin comes into view.
The goblin hits you with a +0 club.
You barely miss the goblin. You hit the hobgoblin.
The goblin barely misses you.
The hobgoblin hits you with a +0 dagger.
You block the hobgoblin's attack. The goblin hits you but does no damage.
You slash the hobgoblin!
You kill the hobgoblin!
You miss the goblin. The goblin hits you with a +0 club.
You barely miss the goblin. x2
The goblin closely misses you. The goblin hits you but does no damage.
You barely miss the goblin. You slash the goblin!
You kill the goblin!
The goblin no longer looks unusually strong.
The goblin hits you but does no damage. The rat bites you but does no damage.
The goblin hits you but does no damage.
You barely miss the goblin. You barely miss the rat.
You block the goblin's attack. The rat bites you but does no damage.
You barely miss the goblin. You hit the rat.
You kill the rat!
The goblin hits you with a +0 club.
You closely miss the goblin. You hit the hobgoblin.
The hobgoblin hits you but does no damage.
The goblin hits you but does no damage. The goblin hits you with a +0 club.
You die...

#.......>..###.#..
#(..#####....#.#..
#............#.#.. g...#
......###....#.#.# g...#
...............#.# gg..#
.......##....###.# ....#
.......###'### #)# ....#
.........#.#####)# ....##.
..##.#[#.#.....)@####.......
...#.#.#.#......gg..........
##.#.#.#.#....#..####....!..
.#.#.#.#.####....#######....
.#.#.#.#.# #........<# ...
<#.#.#.#.###.###.##### .
.#.#.#.............#
.....###.###.###.#.#
.......#...#.# #.#.#


You could see a hobgoblin and a goblin.

Vanquished Creatures
  Robin (D:2)
  2 adders (D:2)
  3 worms (D:2)
  2 dart slugs
  6 endoplasms
  2 giant cockroaches
  11 goblins
  4 hobgoblins
  3 kobolds (D:1)
  3 quokkas (D:1)
  9 ball pythons
  4 bats
  4 frilled lizards
  3 rats
57 creatures vanquished.

Notes
Turn   | Place    | Note
-------+----------+-------------------------------------------
     0 | D:1      | qw the Gargoyle Fighter began the quest for the Orb.
     0 | D:1      | Reached XP level 1. HP: 14/14 MP: 1/1
     0 | D:1      | 0 ||| qw: Version: 0.2-a-10-g399e6c4
     0 | D:1      | 0 ||| qw: Game counter: 301
     0 | D:1      | 0 ||| qw: Always use a shield: true
     0 | D:1      | 0 ||| qw: God list: Okawaru
     0 | D:1      | 0 ||| qw: Allow faded altars: false
     0 | D:1      | 0 ||| qw: Do Orc after D:15 true
     0 | D:1      | 0 ||| qw: Do second Lair branch before Depths: true
     0 | D:1      | 0 ||| qw: Lair rune preference: random
     0 | D:1      | 0 ||| qw: Plans: Normal, Zot:1-4, God:TSO, Crypt, Tomb,
                  | Pan, Slime:5, Hells, Abyss, Orb
     0 | D:1      | 0 ||| PLANNING D:1-11
    71 | D:1      | Reached skill level 2 in Axes
   255 | D:1      | Reached XP level 2. HP: 19/19 MP: 2/2
   274 | D:1      | 274 ||| DROPPING +0 club.
   637 | D:1      | Reached skill level 3 in Axes
   687 | D:1      | Reached XP level 3. HP: 16/23 MP: 3/3
   887 | D:1      | Found a faded altar of an unknown god.
  1493 | D:1      | 1493 ||| UPGRADING to +2 cloak.
  1498 | D:1      | 1498 ||| UPGRADING to ring of positive energy.
  1499 | D:1      | 1499 ||| UPGRADING to +6 ring of strength.
  1500 | D:1      | 1500 ||| READING scroll labelled GADWEYNO KAQEA.
  1557 | D:1      | 1557 ||| READING scroll labelled OLLEAP WYASA.
  1826 | D:2      | Reached XP level 4. HP: 28/28 MP: 4/4
  1846 | D:2      | Reached skill level 4 in Axes
  2302 | D:2      | Noticed Robin
  2303 | D:2      | 2303 ||| Stepping ~*~*~tactically~*~*~ (hiding).
  2311 | D:2      | 2311 ||| Stepping ~*~*~tactically~*~*~ (hiding).
  2312 | D:2      | 2312 ||| Stepping ~*~*~tactically~*~*~ (hiding).
  2313 | D:2      | 2313 ||| Stepping ~*~*~tactically~*~*~ (hiding).
  2314 | D:2      | 2314 ||| Stepping ~*~*~tactically~*~*~ (hiding).
  2326 | D:2      | Killed Robin
  2328 | D:2      | HP: 6/28 [hobgoblin/+0 dagger[Robin] (5)]
  2333 | D:2      | HP: 2/28 [goblin/+0 club[Robin] (2)]
  2334 | D:2      | Slain by a goblin

Levels and vault maps discovered:
D:1:      dpeg_arrival_tiny_d, layout_basic,
          shapermc_ecumenical_altar_notcrosses
D:2:      layout_basic, amcnicky_mini_corridor_feature, uniq_robin

Skill      XL: |  1  2  3  4 |
---------------+-------------+-----
Axes           | 2 3 4 |  4.3
Fighting       | |  3.2
Armour         | |  3.2
Shields        | |  3.2

Action                   |  1- 3 |  4- 6 || total
-------------------------+-------+-------++-------
Melee: War axe           |   139 |    45 ||   184
  Use: Scroll            |     2 |       ||     2
Armor: Scale mail        |    63 |    29 ||    92
Dodge: Dodged            |    68 |    16 ||    84
Block: Buckler           |    17 |     7 ||    24

Table legend:
 A = Non-vault XP
 B = Vault XP
 C = Vault XP percentage of total XP
 D = Non-vault monster count
 E = Vault monster count
 F = Vault count percentage of total count
                 A         B        C        D         E       F
            +---------+---------+-------+---------+---------+-------
      Total |     112 |      32 |  22.2 |      48 |       9 |  15.8
            +---------+---------+-------+---------+---------+-------
        D:1 |      56 |       0 |   0.0 |      34 |       0 |   0.0
        D:2 |      56 |      32 |  36.4 |      14 |       9 |  39.1
            +---------+---------+-------+---------+---------+-------
